 Dungeon Crawl Stone Soup version 0.17-a0-1-g1f4be75 (console) character file.

205 Liam the Magician (level 5, 0/28 HPs)
             Began as a Deep Elf Wizard on Mar 11, 2015.
             Slain by Grinder (2 damage)
             ... while paralysed by Grinder
             ... on level 3 of the Dungeon.
             The game lasted 00:06:48 (2870 turns).

Liam the Magician (Deep Elf Wizard)                 Turns: 2870, Time: 00:06:49

Health: 0/28       AC:  2    Str:  4    XL:     5   Next: 52%
Magic:  12/21      EV:  2    Int: 24    God:
Gold:   54         SH:  0    Dex: 18    Spells: 5 memorised, 6 levels left

rFire  . . .     SeeInvis .     (no weapon)
rCold  . . .     Clarity  .     a - +0 robe
rNeg   . . .     SustAb   .     (no shield)
rPois  .         Gourm    .     b - +0 hat
rElec  .         Spirit   .     (no cloak)
rCorr  .         Warding  .     (no gloves)
rMut   .         Stasis   .     (no boots)
MR     .....                    (no amulet)
Stlth  +++.......               (no ring)
                                (no ring)

@: paralysed, agile, repel missiles, not resistant to hostile enchantments,
fairly stealthy
A: no striking features
a: no special abilities


You were on level 3 of the Dungeon.
You were very hungry.

You visited 1 branch of the dungeon, and saw 3 of its levels.

You collected 54 gold pieces.

Inventory:

Armour
 a - a +0 robe (worn)
 b - a +0 hat (worn)
Jewellery
 m - an uncursed ring of positive energy {unknown}
 q - an uncursed ring of magical power {unknown}
Scrolls
 e - a scroll of amnesia {unknown}
 f - 2 scrolls of blinking {unknown}
 i - 2 scrolls of remove curse {unknown}
 k - 5 scrolls of identify {unknown}
 l - a scroll of magic mapping {unknown}
 p - a scroll of teleportation {unknown}
 s - 2 scrolls of random uselessness {unknown}
 t - a scroll of recharging {unknown}
 u - a scroll of enchant weapon {unknown}
 w - a scroll of enchant armour {unknown}
Potions
 g - 2 potions of mutation {unknown}
 h - a potion of resistance {unknown}
 n - a potion of curing
 v - a potion of poison {unknown}
 x - a potion of haste {unknown}
Books
 c - a book of Minor Magic

   Spells                             Type                      Level
   a - Magic Dart                     Conjuration                  1
   b - Blink                          Translocation                2
   c - Call Imp                       Summoning                    2
   d - Repel Missiles                 Charms/Air                   2
   e - Slow                           Hexes                        2
   f - Conjure Flame                  Conjuration/Fire             3
   g - Mephitic Cloud                 Conjuration/Poison/Air       3
Comestibles
 d - 5 bread rations
 o - a meat ration
 r - a beef jerky


   Skills:
 - Level 2.4 Dodging
 - Level 2.6 Stealth
 + Level 6.8 Spellcasting
 + Level 4.1 Conjurations
   Level 1.1 Summonings
 - Level 1.1 Translocations


You had 6 spell levels left.
You knew the following spells:

 Your Spells              Type           Power        Failure   Level  Hunger
a - Magic Dart            Conj           ####         1%          1    None
b - Blink                 Tloc           N/A          10%         2    None
d - Mephitic Cloud        Conj/Pois/Air  ##......     14%         3    None
e - Conjure Flame         Conj/Fire      ###.....     12%         3    None
f - Repel Missiles        Chrm/Air       #.....       12%         2    None


Dungeon Overview and Level Annotations

Branches:
Dungeon (3/15)

Altars:
Elyvilon

Annotations:
D:3 Grinder


Message History

The magic dart hits Grinder.
Grinder is moderately wounded.
Casting: Magic Dart
Confirm with . or Enter, or press ? or * to list all spells.
Aiming: Magic Dart
Press: ? - help, Shift-Dir - straight line, f/p - Grinder
Aim: Grinder (moderately wounded)
The magic dart hits Grinder.
Grinder is moderately wounded.
Grinder gestures at you.
You suddenly lose the ability to move!
Grinder says, "Tell me all your secrets, or I'll kill you."
Grinder hits you! Grinder hits you.
You writhe in agony.
* * * LOW HITPOINT WARNING * * *
Grinder hits you.
* * * LOW HITPOINT WARNING * * *
Grinder hits you but does no damage. Grinder hits you.
You die...

## ####### #. #.....# #.
#.....# #. #.....# #. .
#.....## #.
.....###########......########.
.....!........@5.............'.
...5..####..........#.########.
... #..##...##.#.......... .
###..#..........########
#....#.......##.......##
#####################.## #####
#....... #...####.##....
#.#.#.##........


You could see Grinder.

Vanquished Creatures
  The ghost of dadoka the Covert, an average SpAs (D:3)
  3 adders (D:2)
  2 gnolls (D:1)
  2 worms
  A bat skeleton (D:3)
  4 bat zombies (D:3)
  2 giant cockroaches
  7 hobgoblins
  A quokka (D:2)
  3 bats
  2 giant geckos
  2 giant newts
  6 goblins
  5 kobolds
  7 rats
48 creatures vanquished.

Notes
Turn   | Place    | Note
--------------------------------------------------------------
     0 | D:1      | Liam, the Deep Elf Wizard, began the quest for the Orb.
     0 | D:1      | Reached XP level 1. HP: 10/10 MP: 6/6
   346 | D:1      | Reached XP level 2. HP: 15/15 MP: 0/10
   370 | D:1      | Reached skill level 5 in Spellcasting
   792 | D:1      | Learned a level 2 spell: Blink
   795 | D:1      | Learned a level 2 spell: Repel Missiles
   902 | D:1      | Reached XP level 3. HP: 5/19 MP: 5/14
  1080 | D:2      | Found a white marble altar of Elyvilon.
  1480 | D:2      | Reached XP level 4. HP: 12/24 MP: 7/18
  2198 | D:3      | Noticed dadoka's ghost (average SpAs)
  2267 | D:3      | Learned a level 3 spell: Conjure Flame
  2271 | D:3      | Learned a level 3 spell: Mephitic Cloud
  2349 | D:3      | Reached skill level 6 in Spellcasting
  2528 | D:3      | Noticed Grinder
  2745 | D:3      | Killed dadoka's ghost
  2745 | D:3      | Reached XP level 5. HP: 17/28 MP: 5/21
  2865 | D:3      | Paralysed by Grinder for 6 turns
  2870 | D:3      | Slain by Grinder

Action                   |  1- 3 |  4- 6 || total
-------------------------+-------+-------++-------
 Cast: Magic Dart        |    83 |    68 ||   151
       Blink             |     2 |     2 ||     4
       Conjure Flame     |       |     2 ||     2
       Mephitic Cloud    |       |     1 ||     1
       Repel Missiles    |       |     1 ||     1
  Use: Potion            |     1 |     2 ||     3
  Eat: Chunk             |     1 |     2 ||     3
       Beef jerky        |       |     1 ||     1
